 Dungeon Crawl Stone Soup version 0.23.1 (webtiles) character file.

Game seed: 12703014629356569641

20 Borgoz the Grasshopper (level 2, 0/25 HPs)
             Began as a Ghoul Warper on Mar 7, 2019.
             Slain by a worm (10 damage)
             ... on level 2 of the Dungeon.
             The game lasted 00:00:47 (608 turns).

Borgoz the Grasshopper (Ghoul Warper)                Turns: 608, Time: 00:00:48

Health: 0/25       AC:  3    Str: 14    XL:     2   Next: 79%
Magic:  4/4        EV: 11    Int:  8    God:
Gold:   28         SH:  0    Dex:  8    Spells: 5/5 levels left

rFire    . . .     SeeInvis .     - Unarmed
rCold    + . .     Gourm    .   (no shield)
rNeg     + + +     Faith    .   a - +0 leather armour
rPois    ∞         Spirit   .   (no helmet)
rElec    .         Reflect  .   (no cloak)
rCorr    .         Harm     .   (no gloves)
MR       .....                  (no boots)
Stlth    +.........             (no amulet)
HPRegen  0.00/turn              (no ring)
MPRegen  0.09/turn              (no ring)

@: rotting
A: rotting body, claws 1, carnivore, cold resistance 1, negative energy
resistance 3, inhibited regeneration, torment resistance, unbreathing
a: no special abilities


You were on level 2 of the Dungeon.
You were not hungry.

You visited 1 branch of the dungeon, and saw 2 of its levels.

You collected 28 gold pieces.

Inventory:

Missiles
 d - 5 tomahawks of dispersal (quivered)
Armour
 a - a +0 leather armour (worn)
Scrolls
 c - a scroll of blinking
 e - a scroll of identify {unknown}
 h - 2 scrolls of teleportation {unknown}
 m - 2 scrolls of enchant weapon {unknown}
Potions
 b - a potion of brilliance {unknown}
 i - a potion of curing {unknown}
 j - a potion of invisibility {unknown}
 k - a potion of ambrosia {unknown}
 l - a potion of flight {unknown}
Comestibles
 f - 6 rations
 g - 4 chunks of flesh


   Skills:
 + Level 2.5 Fighting
 - Level 0.8 Throwing
 + Level 1.2 Armour
 + Level 2.0 Dodging
 + Level 2.5 Unarmed Combat
 + Level 2.0 Spellcasting
   Level 2.6 Translocations


You had 5 spell levels left.
You didn't know any spells.
Your spell library contained the following spells:

 Spells                   Type           Power        Failure   Level  Hunger
 Blink                    Tloc           N/A          22%         2    ###....
 Shroud of Golubria       Chrm/Tloc      #.........   36%         2    ###....
 Gell's Gravitas          Tloc           #.........   41%         3    ####...
 Lesser Beckoning         Tloc           #.........   41%         3    ####...
 Teleport Other           Tloc           #.......     41%         3    ####...
 Passage of Golubria      Tloc           N/A          82%         4    #####..


Dungeon Overview and Level Annotations

Branches:
Dungeon (2/15)

Altars:


Innate Abilities, Weirdness & Mutations

Your body is rotting away.
You thrive on raw meat.
You are immune to poison.
You have sharp fingernails.
You are carnivorous and can eat meat at any time.
Your flesh is cold resistant. (rC+)
You are immune to negative energy. (rN+++)
You do not regenerate when monsters are visible.
You are immune to unholy pain and torment.
You can survive without breathing.


Message History

A worm is nearby!
You scratch the worm.
The worm is lightly wounded.
The worm bites you!
You claw the worm!
The worm is heavily wounded.
You scratch the worm.
The worm is heavily wounded.
The worm bites you.
You barely miss the worm.
The worm is heavily wounded.
The worm bites you.
You are too injured to fight recklessly!
You are too injured to fight recklessly!
You scratch the worm.
The worm is severely wounded.
You completely miss the worm.
The worm is severely wounded.
The worm bites you!
You die...

≈ #+# ≈≈≈
##.####..≈≈≈
#...@w...≈≈≈
#<.####...≈.
#..?# ...
......# #
###......
#..#.###
#.##.# ...
.# #.. ..


You could see a worm.

Vanquished Creatures
  A leopard gecko (D:1)
  4 bats (D:1)
  4 goblins (D:1)
  3 hobgoblins (D:1)
  3 kobolds (D:1)
  A frilled lizard (D:1)
  2 rats (D:1)
18 creatures vanquished.

Notes
Turn   | Place    | Note
-------+----------+-------------------------------------------
     0 | D:1      | Borgoz the Ghoul Warper began the quest for the Orb.
     0 | D:1      | Reached XP level 1. HP: 17/17 MP: 2/2
    51 | D:1      | Reached skill level 1 in Armour
   133 | D:1      | Reached XP level 2. HP: 15/25 MP: 3/3
   608 | D:2      | Slain by a worm

Skill      XL: |  1  2 |
---------------+-------+-----
Armour         | 1 |  1.2
Dodging        | 2 |  2.0
Spellcasting   | 2 |  2.0
Fighting       | |  2.5
Throwing       | |  0.8
Unarmed Combat | |  2.5
Translocations | |  2.6

Action                   || total
-------------------------++-------
Melee: Unarmed           ||    65
       Punch             ||     3
  Eat: Chunk             ||     4
Armor: Leather armour    ||    21
Dodge: Dodged            ||    34
